 Dungeon Crawl Stone Soup version 0.27-a0-1456-gf5a116941d (webtiles) character file.

Game seed: 16776199027994149329

633801 Nosferatu13666 the Imperceptible (level 27, -1/154 HPs)
             Began as a Spriggan Enchanter on June 22, 2021.
             Was the Champion of Dithmenos.
             Slain by a sixfirhy (10 damage)
             ... on level 1 of the Abyss on July 5, 2021.
             The game lasted 08:54:50 (97918 turns).

Nosferatu13666 the Imperceptible (SpEn)            Turns: 97918, Time: 08:54:50

Health: -1/154     AC:  4    Str:  6    XL:     27
Magic:  47/47      EV: 45    Int: 19    God:    Dithmenos [******]
Gold:   6213       SH:  0    Dex: 27    Spells: 16/64 levels left

rFire    + + .     SeeInvis +   e - +9 demon blade (venom)
rCold    + + .     Faith    .   (shield restricted)
rNeg     + + +     Spirit   .   C - +0 robe "Gizydgho" {Drain rN+ Will+++ Regen+}
rPois    .         Reflect  .   i - +2 hat
rElec    +         Harm     .   X - scarf {rC+ rF+}
rCorr    .         Rampage  .   (gloves unavailable)
Will     +++++                  (boots unavailable) Stlth *********+
                                x - amulet of Lisoduz {Regen+ Dex+3 Slay+3}
HPRegen  2.35/turn              c - ring of protection from fire
MPRegen  0.30/turn              Z - ring "Ubra Tadgh" {*Slow Fly rElec rC+ rN++}

@: lethally poisoned (-1 -> -10), unable to read, flying, wreathed by umbra,
studying 2 skills, very quick
A: very small, no large weapons, unfitting armour, see invisible, speed 3,
mutation resistance 1, inability to read while threatened, MP-powered wands,
sturdy frame 1
}: 3/15 runes: decaying, serpentine, abyssal
a: Renounce Religion, Shadow Step, Shadow Form


You were on level 1 of the Abyss.
You worshipped Dithmenos.
Dithmenos was exalted by your worship.
You visited 10 branches of the dungeon, and saw 47 of its levels.
You visited the Abyss 10 times.
You also visited: Ossuary and Wizlab.

You collected 8753 gold pieces.
You spent 2540 gold pieces at shops.

Inventory:

Hand Weapons
 e - a +9 demon blade of venom (weapon)
 B - a +4 dagger of flaming
 E - a +9 quick blade of freezing
 G - the +9 long sword of Glamorous Duty {flame, rC+ Str+4}
   (You took it off a deep elf pyromancer on level 3 of the Elven Halls)

   It has been specially enchanted to burn those struck by it, causing extra
   injury to most foes and up to half again as much damage against particularly
   susceptible opponents.
   Big, fiery blades are also staple armaments of hydra-hunters.
   Str:       It affects your strength (+4).
   rC:        It protects you from cold.
 O - a +2 demon blade of electrocution
 R - a +6 eudemon blade of holy wrath
Missiles
 f - 6 atropa-tipped darts
 P - 124 bolts
Armour
 i - a +2 hat (worn)
 C - the +0 robe "Gizydgho" (worn) {Drain rN+ Will+++ Regen+}
   (You found it on level 8 of the Dungeon)

   rN:        It protects you from negative energy.
   Regen:     It increases your rate of health regeneration.
   Drain:     It drains your maximum health when unequipped.
   Will:      It greatly increases your willpower.
 F - the +0 mask of the Dragon {Will+ Slay+3 SInv}
   (You acquired it on level 3 of the Elven Halls)

   Slay:      It affects your accuracy & damage with ranged weapons and melee
   (+3).
   SInv:      It lets you see invisible.
   Will:      It increases your willpower.
 Q - a scarf of shadows
 X - a scarf of resistance (worn)
Jewellery
 c - a ring of protection from fire (left hand)
 x - the amulet of Lisoduz (around neck) {Regen+ Dex+3 Slay+3}
   (You acquired it on level 6 of the Dungeon)

   [amulet of regeneration]

   Dex:       It affects your dexterity (+3).
   Slay:      It affects your accuracy & damage with ranged weapons and melee
   (+3).
   Regen:     It increases your rate of health regeneration.
 N - a ring of resist corrosion
 T - the amulet of the Thieving Coward {RegenMP Regen+ Dex-4 SInv Stlth+}
   (You found it on level 6 of the Lair of Beasts)

   [amulet of magic regeneration]

   It increases your rate of magic regeneration.
   Dex:       It affects your dexterity (-4).
   SInv:      It lets you see invisible.
   Regen:     It increases your rate of health regeneration.
   Stlth:     It makes you more stealthy.
 Z - the ring "Ubra Tadgh" (right hand) {*Slow Fly rElec rC+ rN++}
   (You bought it in a shop on level 14 of the Dungeon)

   [ring of protection from cold]

   rC:        It protects you from cold.
   rElec:     It insulates you from electricity.
   rN:        It greatly protects you from negative energy.
   Fly:       It grants you flight.
   *Slow:     It may slow you when you take damage.
Wands
 o - a wand of acid (26)
 w - a wand of mindburst (31)
 y - a wand of digging (28)
 A - a wand of paralysis (9)
 D - a wand of iceblast (26)
 H - a wand of charming (12)
 W - a wand of flame (61)
Scrolls
 a - 2 scrolls of summoning
 b - 9 scrolls of amnesia
 k - 2 scrolls of holy word
 p - 24 scrolls of teleportation
 s - 7 scrolls of enchant armour
 u - 6 scrolls of fog
 z - 4 scrolls of magic mapping
 J - a scroll of blinking
 M - 31 scrolls of identify
 V - 5 scrolls of fear
Potions
 d - 6 potions of ambrosia
 g - 14 potions of haste
 h - 2 potions of resistance
 j - 11 potions of might
 l - 19 potions of curing
 m - 20 potions of lignification
 n - 11 potions of attraction
 q - 10 potions of invisibility
 r - 3 potions of mutation
 t - 6 potions of magic
 v - 4 potions of heal wounds
 I - 8 potions of cancellation
 K - 5 potions of brilliance
 L - 3 potions of berserk rage
 S - 4 potions of flight


   Skills:
 * Level 18.9 Fighting
 - Level 13.0(16.2) Short Blades
 - Level 13.0(14.3) Long Blades
 + Level 22.4 Dodging
 + Level 24.6 Stealth
 + Level 19.0 Spellcasting
 * Level 20.2 Hexes
 + Level 21.0 Translocations
 + Level 16.8 Invocations


You had 16 spell levels left.
You knew the following spells:

 Your Spells              Type           Power      Damage    Failure   Level
a - Corona                Hex            84%        N/A       0%          1
b - Ensorcelled Hibernat  Hex/Ice        100%       N/A       1%          2
c - Confusing Touch       Hex            76%        N/A       0%          3
d - Dazzling Flash        Conj/Hex       100%       N/A       1%          3
e - Tukima's Dance        Hex            76%        N/A       0%          3
f - Invisibility          Hex            38%        N/A       1%          6
g - Silence               Hex/Air        27%        N/A       1%          5
h - Manifold Assault      Tloc           78%        N/A       0%          5
i - Blink                 Tloc           N/A        N/A       0%          2
j - Wereblood             Tmut           18%        N/A       4%          2
k - Disjunction           Tloc           39%        N/A       3%          8
l - Discord               Hex            38%        N/A       4%          8

Your spell library contained the following spells:

 Spells                   Type           Power      Damage    Failure   Level
 Apportation              Tloc           100%       N/A       0%          1
 Slow                     Hex            76%        N/A       0%          2
 Gell's Gravitas          Tloc           39%        N/A       0%          3
 Lesser Beckoning         Tloc           39%        N/A       0%          3
 Portal Projectile        Hex/Tloc       100%       N/A       0%          3
 Teleport Other           Tloc           78%        N/A       0%          3
 Cause Fear               Hex            38%        N/A       0%          4
 Passage of Golubria      Tloc           N/A        N/A       0%          4
 Inner Flame              Hex/Fire       54%        N/A       1%          3
 Fulminant Prism          Conj/Hex       27%        3d14      1%          4
 Iskenderun's Mystic Bla  Conj/Tloc      55%        2d12      1%          4
 Leda's Liquefaction      Hex/Erth       27%        N/A       1%          4
 Metabolic Englaciation   Hex/Ice        27%        N/A       1%          5
 Summon Forest            Summ/Tloc      27%        N/A       1%          5
 Summon Mana Viper        Hex/Summ       54%        N/A       1%          5
 Yara's Violent Unravell  Hex/Tmut       27%        3d12      1%          5
 Animate Skeleton         Necr           36%        N/A       3%          1
 Beastly Appendage        Tmut           36%        N/A       3%          1
 Foxfire                  Conj/Fire      72%        2x1d7     3%          1
 Freeze                   Ice            72%        1d9       3%          1
 Magic Dart               Conj           72%        1d6       3%          1
 Pain                     Necr           72%        1d7       3%          1
 Sandblast                Erth           36%        2d10      3%          1
 Shock                    Conj/Air       72%        1d7       3%          1
 Sting                    Tmut/Pois      72%        1d6       3%          1
 Summon Small Mammal      Summ           72%        N/A       3%          1
 Call Imp                 Summ           18%        N/A       4%          2
 Passwall                 Tmut/Erth      15%        N/A       4%          2
 Poisonous Vapours        Pois/Air       36%        N/A       4%          2
 Searing Ray              Conj           36%        3d4       4%          2
 Static Discharge         Conj/Air       18%        N/A       4%          2
 Call Canine Familiar     Summ           18%        N/A       9%          3
 Conjure Flame            Conj/Fire      18%        6-21      9%          3
 Frozen Ramparts          Ice            36%        1d5       9%          3
 Ignite Poison            Fire/Tmut/Pois 18%        N/A       9%          3
 Mephitic Cloud           Conj/Pois/Air  18%        N/A       9%          3
 Ozocubu's Armour         Ice            18%        N/A       9%          3
 Spider Form              Tmut/Pois      9%         N/A       9%          3
 Stone Arrow              Conj/Erth      36%        3d9       9%          3
 Swiftness                Air            18%        N/A       9%          3
 Vampiric Draining        Necr           9%         2d7       9%          3
 Airstrike                Air            9%         N/A       28%         4
 Animate Armour           Summ/Erth      36%        N/A       28%         4
 Animate Dead             Necr           9%         N/A       28%         4
 Hailstorm                Conj/Ice       18%        3d6       28%         4
 Ice Form                 Ice/Tmut       18%        N/A       28%         4
 Olgreb's Toxic Radiance  Pois           18%        N/A       28%         4
 Petrify                  Tmut/Erth      18%        N/A       28%         4
 Sticky Flame             Conj/Fire      18%        2d4       28%         4
 Summon Ice Beast         Ice/Summ       18%        N/A       28%         4
 Summon Lightning Spire   Summ/Air       18%        N/A       28%         4
 Malign Gateway           Summ/Tloc      27%        N/A       32%         7
 Agony                    Necr           18%        N/A       63%         5
 Alistair's Intoxication  Tmut/Pois      12%        N/A       63%         5
 Blade Hands              Tmut           9%         N/A       63%         5
 Bolt of Magma            Conj/Fire/Erth 9%         4d7       63%         5
 Borgnjor's Vile Clutch   Necr/Erth      9%         N/A       63%         5
 Excruciating Wounds      Necr           9%         N/A       63%         5
 Fireball                 Conj/Fire      9%         3d6       63%         5
 Freezing Cloud           Conj/Ice/Air   9%         6-21      63%         5
 Irradiate                Conj/Tmut      9%         3d16      63%         5
 Iskenderun's Battlesphe  Conj           18%        2d7       63%         5
 Lee's Rapid Deconstruct  Erth           9%         3d8*      63%         5
 Lightning Bolt           Conj/Air       9%         1d21      63%         5
 Conjure Ball Lightning   Conj/Air       9%         3x3d6     99%         6
 Iron Shot                Conj/Erth      9%         9d3       99%         6
 Shadow Creatures         Summ           N/A        N/A       99%         6
 Statue Form              Tmut/Erth      12%        N/A       99%         6
 Dragon Form              Tmut           9%         N/A       100%        7
 Orb of Destruction       Conj           9%         9d4       100%        7
 Ozocubu's Refrigeration  Ice            9%         4d6       100%        7
 Spellforged Servitor     Conj/Summ      9%         N/A       100%        7
 Storm Form               Tmut/Air       9%         N/A       100%        7
 Summon Hydra             Summ           9%         N/A       100%        7
 Ignition                 Fire           9%         3d5       100%        8
 Summon Horrible Things   Summ           9%         N/A       100%        8
 Polar Vortex             Ice            9%         N/A       100%        9
 Shatter                  Erth           9%         3d11*     100%        9


Dungeon Overview and Level Annotations

Branches:
Dungeon (15/15)            Temple (1/1) D:6            Lair (6/6) D:8
  Swamp (4/4) Lair:4        Snake (4/4) Lair:4        Slime (0/5) Lair:5
    Orc (2/2) D:9             Elf (3/3) Orc:2        Vaults (4/5) D:13
  Crypt (3/3) Vaults:3       Tomb (0/3) Crypt:3      Depths (5/5) D:15
    Zot (0/5) Depths:5    Ossuary (visited)          WizLab (visited)

Altars:
Ashenzari
Cheibriados
Dithmenos
Elyvilon
Fedhas
Gozag
Kikubaaqudgha
Nemelex Xobeh
Okawaru
Qazlal
Ru
Sif Muna
Trog
Uskayaw
Vehumet
Wu Jian
Xom
Yredelemnul
Zin
The Shining One
Beogh
Jiyva
Lugonu

Shops:
D:11 !   D:13 *[*   D:14 =   Orc:2 [(*:[   Elf:1 [   Snake:1 [[   Snake:4 !?
Vaults:1 (   Vaults:3 :   Depths:1 *   Depths:3 **

Portals:
Hell: Depths:1 Depths:2 Depths:3 Depths:4 Depths:5
Abyss: Depths:1 Depths:4 Depths:5
Pandemonium: Depths:2 Depths:3
Ziggurat: Depths:3
Trove: Vaults:4 (give horn of Geryon)

Annotations:
D:3 2 transporters, MirrMurr's ghost, amateur GnFi
D:6 1 runed translucent door, Terminal's ghost, novice OpTm
D:8 2 runed translucent doors
D:10 3 runed translucent doors, jather's ghost, novice MiFi
D:14 2 runed translucent doors, Ziatichuqu's ghost, journeyman DsFi
Depths:3 3 runed translucent doors, exclusion: obsidian statue, Xenophilius's ghost, veteran DjAK
Depths:4 2 transporters, Zyrchost's ghost, adept HOFi


Innate Abilities, Weirdness & Mutations

You are very small and have problems with some larger weapons.
You are too small for most types of armour.
You have supernaturally acute eyesight. (SInv)
You cover ground extremely quickly. (Speed+++)
You are somewhat resistant to further mutation.
You sometimes lose the ability to read scrolls when taking damage.
You expend magic power (3 MP) to strengthen your wands.
Your movements are slightly less encumbered by armour. (ER -2)


Message History

You are engulfed in poison gas.
You are more poisoned.
You feel very sick.
A sixfirhy comes into view.
The green death hits you!
You feel threatened and lose the ability to read scrolls!
You emit a cloud of dark smoke.
You feel better.
You are engulfed in poison gas.
You are poisoned.
You can read scrolls again.
You feel very sick.
The sixfirhy is engulfed in poison gas.
The sixfirhy is poisoned.
The sixfirhy looks even sicker.
The sixfirhy completely misses you.
The sixfirhy is engulfed in poison gas.
The sixfirhy looks even sicker.
The sixfirhy looks as sick as possible!
The sixfirhy is engulfed in poison gas.
The sixfirhy looks as sick as possible!
The sixfirhy is engulfed in poison gas.
The sixfirhy looks as sick as possible!
The green death misses you.
The sixfirhy is engulfed in poison gas.
The sixfirhy looks as sick as possible!
You hit the green death.
The green death is heavily wounded.
Your shadow hits the green death with a demon blade.
You are engulfed in poison gas.
You are more poisoned.
You feel very sick.
The sixfirhy is engulfed in poison gas.
The sixfirhy looks as sick as possible! x3
The sixfirhy is engulfed in poison gas.
The sixfirhy looks as sick as possible!
You slash the green death!
The green death is severely wounded.
Your shadow hits the green death with a demon blade.
You feel sick. The green death gestures at you. The poison arrow hits you!!!
You are more poisoned.
You feel threatened and lose the ability to read scrolls!
* * * LOW HITPOINT WARNING * * *
You emit a cloud of dark smoke.
You barely miss the green death.
The green death is severely wounded.
* * * LOW HITPOINT WARNING * * *
You feel very sick. The sixfirhy hits you!
You die...

.#...#...#.. $.
.......... ..#
.. ..#...#...#.
#.# ...#.##.#
#....# #...#.##
#.#.##
.....###..# ..
.##.°#..##.##.#
.##§§§.°°.# # .
#@#○#.☼##
###32§#...... .
#§.§..###. #
........# .#
#).##.### . ...
.. . #..# ##.
#.. ##


You could see a green death and a sixfirhy (extremely poisoned).

Vanquished Creatures
  Khufu (Crypt:2)
  4 dread liches (Abyss:1)
  Mara (Elf:3)
  2 ancient liches (Abyss:1)
  2 royal mummies (Crypt:2)
  Bai Suzhen (Vaults:4)
  Margery (Crypt:2)
  Vashnia (Snake:2)
  Saint Roka (Vaults:4)
  A caustic shrike (Depths:4)
  5 golden dragons
  8 bone dragons
  A hellephant (Abyss:1)
  Jorgrun (Snake:2)
  4 tentacled monstrosities
  6 liches
  A quicksilver dragon (Abyss:1)
  A titan (Depths:5)
  3 deep elf blademasters
  A deep elf master archer (Elf:3)
  2 sphinxes
  4 ancient champions
  28 tentacled starspawn
  Donald (Crypt:2)
  Gastronok (D:11)
  4 Executioners
  3 tengu reavers (Depths:4)
  8 nagarajas
  A revenant (Abyss:1)
  Roxanne (D:14)
  A storm dragon (Depths:4)
  A daeva (Abyss:2)
  2 azure jellies (Vaults:2)
  3 fenstrider witches
  5 deep elf sorcerers
  A draconian knight (Depths:5)
  4 frost giants
  9 fire giants
  4 orc warlords
  4 iron dragons
  A draconian shifter (Depths:5)
  11 vault wardens
  2 balrugs
  7 deep elf elementalists (Elf:3)
  15 ironbound preservers
  32 very ugly things
  A reaper (Abyss:3)
  6 ghouls
  2 spriggan defenders (Depths:3)
  A draconian stormcaller (Depths:5)
  A war gargoyle (Vaults:3)
  2 juggernaut skeletons
  8 stone giants
  2 ophanim (Abyss:1)
  4 deep elf demonologists
  2 lorocyprocas
  7 deep elf annihilators
  2 green draconians (Depths:5)
  A purple draconian (Abyss:1)
  A black draconian (Depths:5)
  4 vampire knights
  3 white draconians
  7 spark wasps
  2 crystal guardians
  5 blizzard demons
  7 dire elephants
  5 ettins
  4 eleionomae
  8 deep elf death magi
  5 eidola
  11 jiangshi
  2 green deaths
  9 fire dragons
  11 yaktaur captains
  13 ice dragons
  10 great orbs of eyes
  A hell beast (Depths:2)
  3 boulder beetles
  A monstrous demonspawn (Depths:2)
  14 hydras
  A quicksilver dragon skeleton (Depths:2)
  8 deep elf high priests
  8 rakshasas
  5 vault guards
  5 spriggan air magi
  A ghost crab (Swamp:4)
  A peacekeeper (Vaults:3)
  4 ironbound thunderhulks
  22 naga warriors
  3 ogre magi
  6 salamander tyrants (Snake:4)
  9 ironbound frosthearts
  7 centaur warriors
  2 catoblepae
  12 anacondas
  13 alligators
  2 death knights
  8 two-headed ogres
  6 deep troll earth magi
  9 death yaks (Lair:3)
  5 hell hogs
  7 tengu warriors
  A titan zombie (Abyss:1)
  10 deep troll shamans
  7 orc high priests
  31 dancing weapons
  13 vampire magi
  15 shock serpents
  2 spriggan berserkers (Depths:5)
  25 thrashing horrors
  22 naga sharpshooters
  A storm dragon zombie (Crypt:2)
  7 ironbound beastmasters
  109 large abominations
  6 hell knights
  16 spriggans
  6 sun demons
  Sonja (D:10)
  Nergalle (D:10)
  16 deep elf knights
  23 wretched stars
  4 shadow wraiths
  4 soul eaters
  8 iron trolls
  A fire crab (Vaults:2)
  10 salamander mystics
  9 skeletal warriors
  9 spatial maelstroms
  5 glowing orange brains
  A storm dragon skeleton (Crypt:2)
  4 sixfirhies (Abyss:1)
  A fire crab (shapeshifter) (Abyss:1)
  A shadow demon (Depths:3)
  A ghost moth zombie (Abyss:1)
  67 deep trolls
  6 naga ritualists
  2 golden dragon zombies
  8 bog bodies
  2 spriggan druids
  4 harpies (Vaults:4)
  14 deep elf archers
  13 lindwurms
  16 wizards
  6 swamp dragons
  A deep troll (shapeshifter) (Vaults:2)
  3 golden dragon skeletons
  2 flayed ghosts (Crypt:2)
  12 ironbound convokers
  15 necromancers
  A harpy (shapeshifter) (Abyss:1)
  9 phantasmal warriors
  A tengu zombie (Depths:2)
  An orb spider (Abyss:1)
  17 orc knights
  20 deep elf pyromancers
  17 mana vipers
  8 will-o-the-wisps
  18 deep elf zephyrmancers
  A sphinx skeleton (Crypt:2)
  2 fire giant zombies
  58 ugly things
  13 salamanders
  7 manticores
  8 orc sorcerers
  A shining eye (Abyss:1)
  2 shadow dragon skeletons
  6 cyclopes
  18 worldbinders
  An iron dragon skeleton (Abyss:1)
  2 stone giant zombies
  2 guardian serpents (shapeshifter)
  16 vault sentinels
  A stone giant skeleton (Crypt:2)
  56 black mambas
  3 moths of wrath (shapeshifter)
  A shock serpent zombie (Crypt:2)
  2 ice statues (Vaults:2)
  16 guardian serpents
  Maurice (D:10)
  3 fire giant skeletons (Abyss:1)
  2 eyes of devastation (Abyss:1)
  15 elephants
  3 frost giant skeletons
  7 apocalypse crabs
  20 orange demons
  4 rust devils
  25 smoke demons
  9 naga magi
  2 molten gargoyles (Vaults:2)
  32 cane toads
  6 unseen horrors
  2 dire elephant skeletons
  31 yaktaurs
  A rime drake (shapeshifter) (Abyss:2)
  An unseen horror (shapeshifter) (Abyss:1)
  A kobold demonologist (Abyss:1)
  14 komodo dragons
  8 freezing wraiths
  4 rime drakes
  4 tengu conjurers
  4 efreet (Abyss:1)
  5 hellions (Abyss:1)
  An anaconda simulacrum (Vaults:2)
  5 guardian mummies (Crypt:3)
  6 demonic crawlers
  3 emperor scorpion zombies
  3 ice devils
  A red draconian zombie (Crypt:1)
  2 tormentors
  27 ancient zymes
  A red draconian skeleton (Crypt:2)
  7 hellwings
  2 silent spectres (Abyss:1)
  A catoblepas skeleton (Crypt:3)
  5 trolls
  4 bloated husks
  A queen bee (Abyss:3)
  A red devil (WizLab)
  3 jumping spiders (Vaults:2)
  17 hornets
  9 tyrant leeches
  38 slime creatures
  11 meliai
  A jumping spider (shapeshifter) (D:13)
  A fire dragon zombie (Abyss:1)
  A wind drake (WizLab)
  A shadow dragon simulacrum (Abyss:1)
  25 blink frogs
  6 dream sheep
  55 raiju
  An alligator zombie (Abyss:1)
  A fire giant simulacrum (Abyss:1)
  14 flying skulls
  A stone giant simulacrum (Depths:2)
  An ice dragon zombie (Abyss:1)
  A guardian serpent skeleton (WizLab)
  6 air elementals
  An ettin zombie (Depths:1)
  A yak (shapeshifter) (Elf:3)
  19 ynoxinuls
  2 elf skeletons
  An ettin skeleton (Crypt:3)
  2 centaur simulacra
  A deep troll skeleton (Depths:1)
  15 wraiths
  Sigmund (D:2)
  6 shadows
  3 vampires
  2 basilisks
  7 wyverns
  6 water elementals
  5 fire elementals
  An elf zombie (Vaults:2)
  7 fire bats
  30 yaks
  10 golden eyes
  Grum (D:11)
  17 chaos spawn
  An infernal demonspawn zombie (Crypt:2)
  14 vampire mosquitoes
  9 neqoxecs
  2 swamp worm simulacra (Swamp:4)
  4 steam dragons
  11 spatial vortices
  A warg (shapeshifter) (Abyss:1)
  A harpy simulacrum (Abyss:3)
  4 wargs
  A naga (shapeshifter) (D:11)
  14 swamp worms
  17 hydra simulacra
  29 nagas
  22 water moccasins
  A floating eye (Depths:3)
  A hell hound (Abyss:1)
  4 human skeletons
  5 ice beasts
  3 sky beasts
  A cane toad skeleton (Crypt:3)
  37 orc warriors
  4 black bears
  A fire dragon simulacrum (Vaults:2)
  3 ettin simulacra (Depths:2)
  4 necrophages
  71 starcursed masses
  7 ogres
  17 wolves
  13 centaurs
  A spriggan simulacrum (Depths:2)
  A manticore skeleton (Crypt:2)
  78 small abominations
  A swamp dragon skeleton (Abyss:1)
  A phantom (D:4)
  A kobold brigand (D:8)
  A gnoll sergeant (D:13)
  An earth elemental (Elf:1)
  23 bullfrogs
  2 wyvern zombies (D:9)
  2 scorpions
  A wyvern skeleton (D:7)
  A cyclops skeleton (Crypt:3)
  18 killer bees
  16 wights
  6 howler monkeys
  4 crimson imps (Abyss:1)
  2 lava snakes (Vaults:2)
  18 quasits
  11 centaur zombies
  4 bullfrog zombies
  2 hounds
  6 human zombies
  13 orc priests
  8 centaur skeletons (D:9)
  2 gnoll shamans (D:6)
  5 jellies
  11 iron imps
  Ijyb (D:3)
  5 iguanas
  5 hell rats (Lair:6)
  13 orc wizards
  Terence (D:3)
  3 troll simulacra (Vaults:2)
  A killer bee zombie (D:9)
  An ogre zombie (Crypt:3)
  A felid zombie (Crypt:1)
  An acid dragon zombie (Crypt:1)
  12 mummies
  3 howler monkey zombies
  3 howler monkey skeletons
  18 gnolls
  2 naga simulacra (Vaults:2)
  11 adders
  23 white imps
  6 swamp drake simulacra (Swamp:4)
  21 ufetubi
  A worm zombie (Crypt:2)
  An adder skeleton (Crypt:3)
  A dart slug (D:2)
  61 orcs
  7 endoplasms
  2 giant cockroaches
  A gnoll zombie (Crypt:1)
  2 goblins
  5 hobgoblins
  A jackal (shapeshifter) (D:11)
  3 jackals (D:4)
  2 quokkas (D:3)
  5 ball pythons
  6 bats
  2 frilled lizards
  2 hobgoblin zombies (Ossuary)
  5 kobolds
  3 kobold zombies
  An orc zombie (Ossuary)
  A quokka skeleton (Crypt:1)
  5 rats
  4 lurking horrors (Abyss:1)
  8 starspawn tentacles (Abyss:1)
2766 creatures vanquished.

Vanquished Creatures (collateral kills)
  A tentacled starspawn (Abyss:1)
  2 vampire knights
  2 yellow draconians
  A red draconian (Depths:5)
  An ironbound thunderhulk (Vaults:3)
  A naga sharpshooter (Snake:4)
  8 hell knights
  2 naga magi
  3 smoke demons (Abyss:1)
  3 blink frogs (Abyss:1)
  2 raiju (Abyss:1)
  4 nagas
  A wight (D:9)
31 creatures vanquished.

Vanquished Creatures (others)
  An eldritch tentacle (Vaults:2)
  A spriggan air mage (Depths:5)
  2 alligators (Swamp:4)
  A hell hog (Abyss:1)
  A deep troll (Depths:2)
  A deep elf pyromancer (Elf:1)
  A smoke demon (Abyss:1)
  A blink frog (Abyss:1)
  A bloated husk (Swamp:4)
  3 raiju (Abyss:1)
  52 dancing weapons
  3 flying skulls (Abyss:1)
  A fire elemental (Vaults:2)
  An orc warrior (Orc:2)
  A bullfrog zombie (Crypt:2)
  2 orc priests (Vaults:3)
  An orc wizard (D:8)
  3 bushes (D:15)
  18 foxfires
  43 fungi
  A lurking horror (Abyss:1)
  117 plants
  69 starspawn tentacles
325 creatures vanquished.

Grand Total: 3122 creatures vanquished

Notes
Turn   | Place    | Note
-------+----------+-------------------------------------------
     0 | D:1      | Nosferatu13666 the Spriggan Enchanter began the quest for
                  | the Orb.
     0 | D:1      | Reached XP level 1. HP: 9/9 MP: 5/5
   164 | D:1      | Reached XP level 2. HP: 13/13 MP: 6/6
   929 | D:2      | Noticed Sigmund
   936 | D:2      | Killed Sigmund
   937 | D:2      | Reached skill level 1 in Fighting
   937 | D:2      | Reached skill level 5 in Stealth
   937 | D:2      | Reached XP level 3. HP: 18/18 MP: 5/8
   937 | D:2      | Reached XP level 4. HP: 23/23 MP: 6/10
   937 | D:2      | Reached XP level 5. HP: 26/26 MP: 6/11
  1125 | D:2      | Found a faded altar of an unknown god.
  1221 | D:2      | Learned a level 2 spell: Ensorcelled Hibernation
  1225 | D:2      | Learned a level 3 spell: Confusing Touch
  1229 | D:2      | Learned a level 3 spell: Dazzling Flash
  1579 | D:2      | Identified a scroll of acquirement
  1579 | D:2      | Acquired a +0 demon blade of venom
  2023 | D:3      | Noticed Ijyb
  2029 | D:3      | Killed Ijyb
  2622 | D:3      | Found a transporter.
  2622 | D:3      | Noticed MirrMurr's ghost (amateur GnFi)
  2636 | D:3      | Found a transporter.
  2751 | D:3      | Noticed Terence
  2801 | D:3      | Killed Terence
  2852 | D:3      | Reached XP level 6. HP: 10/30 MP: 4/12
  3417 | D:4      | Learned a level 3 spell: Tukima's Dance
  3429 | D:4      | Reached skill level 1 in Long Blades
  3761 | D:4      | Reached skill level 5 in Dodging
  4433 | D:3      | Reached XP level 7. HP: 20/35 MP: 3/14
  4586 | D:4      | Reached skill level 6 in Stealth
  4737 | D:4      | Reached skill level 5 in Hexes
  4836 | D:4      | Found a shadowy altar of Dithmenos.
  5077 | D:4      | Became a worshipper of Dithmenos the Shadowed
  5128 | D:5      | Entered Level 5 of the Dungeon
  5141 | D:5      | Found a sand-covered staircase.
  5146 | Ossuary  | Entered an ossuary
  5807 | D:5      | Reached XP level 8. HP: 28/40 MP: 12/15
  6312 | D:5      | Found a glowing silver altar of Zin.
  6973 | D:6      | Found a staircase to the Ecumenical Temple.
  7024 | D:6      | Acquired the amulet of Lisoduz {Regen+ Dex+3 Slay+3}
  7218 | D:6      | Reached skill level 7 in Stealth
  7336 | D:6      | Reached * piety under Dithmenos
  7337 | D:6      | Reached skill level 5 in Spellcasting
  7600 | D:6      | Found a runed translucent door.
  7607 | D:6      | Noticed Terminal's ghost (novice OpTm)
  7856 | D:7      | Reached XP level 9. HP: 45/45 MP: 17/17
  8196 | D:7      | Reached skill level 8 in Stealth
  8265 | D:7      | Reached ** piety under Dithmenos
  8863 | D:8      | Found a stormy altar of Qazlal.
  8926 | D:8      | Identified the +0 robe "Gizydgho" {Drain rN+ Will+++
                  | Regen+}
  8960 | D:8      | Found a staircase to the Lair.
  8981 | D:8      | Noticed a troll
  8990 | D:8      | Reached skill level 5 in Fighting
  9008 | D:8      | Killed a troll
  9025 | D:8      | Reached skill level 5 in Short Blades
  9143 | D:8      | Noticed an eight-headed hydra
  9143 | D:8      | Noticed a cyclops
  9147 | D:8      | Killed a cyclops
  9148 | D:8      | Reached XP level 10. HP: 51/51 MP: 20/20
  9620 | D:8      | Reached skill level 5 in Long Blades
 10111 | D:8      | Killed an eight-headed hydra
 10156 | D:8      | Reached skill level 9 in Stealth
 10373 | D:8      | Found a large runed translucent door.
 10374 | D:8      | Found a large runed translucent door.
 10679 | D:9      | Reached skill level 10 in Dodging
 10956 | D:9      | Reached *** piety under Dithmenos
 10957 | D:9      | Reached XP level 11. HP: 56/56 MP: 19/22
 11210 | D:9      | Noticed a skeletal warrior
 11259 | D:9      | Killed a skeletal warrior
 11440 | D:9      | Found a staircase to the Orcish Mines.
 11765 | D:10     | Entered Level 10 of the Dungeon
 11842 | D:10     | Reached skill level 10 in Stealth
 12075 | D:10     | Noticed Sonja
 12083 | D:10     | Killed Sonja
 12180 | D:10     | Found a shimmering blue altar of Sif Muna.
 12181 | D:10     | Found a broken altar of Ashenzari.
 12182 | D:10     | Found an ornate altar of the Wu Jian Council.
 12195 | D:10     | Noticed Nergalle
 12208 | D:10     | Noticed a spectral orc warlord
 12219 | D:10     | Killed Nergalle
 12269 | D:10     | Found a runed translucent gate.
 12270 | D:10     | Found a runed translucent gate.
 12271 | D:10     | Found a runed translucent gate.
 12273 | D:10     | Noticed jather's ghost (novice MiFi)
 12471 | D:10     | Noticed Maurice
 12478 | D:10     | Killed Maurice
 12643 | D:11     | Noticed a two-headed ogre
 12649 | D:11     | Killed a two-headed ogre
 12656 | D:11     | Noticed a boulder beetle
 12664 | D:11     | Killed a boulder beetle
 12683 | D:11     | Reached XP level 12. HP: 63/63 MP: 23/25
 12778 | D:11     | Noticed Grum
 12789 | D:11     | Noticed Gastronok
 12793 | D:11     | Reached **** piety under Dithmenos
 12801 | D:11     | HP: 3/63 [Gastronok/the air (25)]
 12810 | D:11     | Killed Grum
 12857 | D:11     | Found a transporter.
 12875 | D:11     | Found Weaf's Distillery.
 13040 | D:12     | Noticed a boulder beetle
 13186 | D:11     | Found a corrupted altar of Lugonu.
 13186 | D:11     | Found a transporter.
 13445 | Lair:1   | Entered Level 1 of the Lair of Beasts
 13809 | Lair:1   | Reached skill level 11 in Stealth
 15024 | Lair:2   | You fall into a shaft and drop 1 floor!
 15050 | Lair:3   | Noticed an eight-headed hydra
 15058 | Lair:3   | Killed an eight-headed hydra
 15058 | Lair:3   | Reached ***** piety under Dithmenos
 15109 | Lair:3   | Noticed a death yak
 15112 | Lair:3   | Noticed a death yak
 15112 | Lair:3   | Noticed a death yak
 15137 | Lair:3   | Killed a death yak
 15148 | Lair:3   | Noticed a death yak
 15148 | Lair:3   | Noticed a death yak
 15187 | Lair:3   | Killed a death yak
 15202 | Lair:3   | Killed a death yak
 15206 | Lair:3   | Killed a death yak
 15207 | Lair:3   | Reached skill level 12 in Stealth
 15259 | Lair:3   | Killed a death yak
 15260 | Lair:3   | Reached XP level 13. HP: 69/69 MP: 20/26
 16076 | Lair:4   | Found a staircase to the Snake Pit.
 16528 | Lair:4   | Reached skill level 13 in Stealth
 17341 | Lair:4   | Found a staircase to the Swamp.
 17544 | Lair:5   | Reached skill level 10 in Hexes
 17667 | Lair:5   | You fall into a shaft and drop 1 floor!
 17667 | Lair:6   | Entered Level 6 of the Lair of Beasts
 17806 | Lair:5   | Found a viscous altar of Jiyva.
 17806 | Lair:5   | Found a staircase to the Slime Pits.
 18470 | Lair:5   | Reached XP level 14. HP: 75/75 MP: 28/28
 19128 | Lair:6   | Reached ****** piety under Dithmenos
 19193 | Lair:6   | Identified the amulet of the Thieving Coward {RegenMP
                  | Regen+ Dex-4 SInv Stlth+}
 19205 | Lair:6   | Reached skill level 14 in Stealth
 19564 | Lair:6   | Reached skill level 10 in Spellcasting
 19965 | Lair:6   | Identified the +1 chain mail of the Bells {Int+4}
 20796 | D:12     | Reached skill level 10 in Fighting
 21023 | D:12     | Reached skill level 15 in Stealth
 21353 | D:13     | Reached skill level 15 in Dodging
 21547 | D:13     | HP: 3/77 [very large slime creature (45)]
 21656 | D:13     | Found a gate to the Vaults.
 22042 | D:13     | Found Plog's Assorted Antiques.
 22047 | D:13     | Found Ogab's Antique Armour Boutique.
 22048 | D:13     | Found Idghefegu's General Store.
 22090 | D:13     | Learned a level 6 spell: Invisibility
 22343 | D:14     | Reached XP level 15. HP: 80/80 MP: 30/30
 22347 | D:14     | Found a runed translucent door.
 22366 | D:14     | Found a runed translucent door.
 22472 | D:14     | Found Ekatuil's Jewellery Emporium.
 22476 | D:14     | Bought the ring "Ubra Tadgh" {*Slow Fly rElec rC+ rN++} for
                  | 690 gold pieces
 22485 | D:14     | Noticed Roxanne
 22863 | D:14     | Noticed a sphinx
 22865 | D:14     | Noticed a lich
 22866 | D:14     | Noticed Ziatichuqu's ghost (journeyman DsFi)
 22898 | D:14     | Found a broken altar of Ashenzari.
 23108 | D:14     | Found a blossoming altar of Fedhas.
 23391 | D:14     | Killed Roxanne
 23473 | D:15     | Entered Level 15 of the Dungeon
 23609 | D:15     | Found a white marble altar of Elyvilon.
 23828 | D:15     | Found the +3 giant club "Skullcrusher" {speed, Str+7}
 23852 | D:15     | Reached skill level 16 in Stealth
 23988 | D:15     | Found a staircase to the Depths.
 24053 | D:15     | Found an ancient bone altar of Kikubaaqudgha.
 24175 | Depths:1 | Entered Level 1 of the Depths
 24177 | Depths:1 | Reached skill level 10 in Short Blades
 24211 | Depths:1 | Reached skill level 10 in Long Blades
 24363 | Depths:1 | Found a radiant altar of Vehumet.
 24428 | Depths:1 | Found a one-way gate to the infinite horrors of the Abyss.
 24461 | Depths:1 | Found Fylaunargh's Serpentskin Sales.
 24837 | Depths:1 | Noticed a fire giant
 25140 | Depths:1 | Reached XP level 16. HP: 67/87 MP: 30/32
 25511 | Orc:1    | Entered Level 1 of the Orcish Mines
 25534 | Orc:1    | Upgraded the game from 0.27-a0-1322-gfdffb62a71 to
                  | 0.27-a0-1324-ge0d8e047f6
 26177 | Orc:1    | You are sucked into a shaft and drop 1 floor!
 26177 | Orc:2    | Entered Level 2 of the Orcish Mines
 26181 | Orc:2    | Found Fifynliwn's Antique Armour Shoppe.
 26279 | Orc:2    | Reached skill level 1 in Invocations
 26342 | Orc:2    | Found Mitamp's General Store.
 26347 | Orc:2    | Found a staircase to the Elven Halls.
 26350 | Orc:2    | Found Zocvaschi's Book Emporium.
 26626 | Orc:2    | Found Geis's Antique Weapon Boutique.
 26760 | Orc:2    | Found Kuapeoxe's Antique Armour Shop.
 27592 | Depths:1 | Found a gateway to Hell.
 28177 | Depths:2 | Reached skill level 17 in Stealth
 28467 | Depths:2 | Found an iron altar of Okawaru.
 28546 | Depths:2 | Found a magical portal.
 28560 | WizLab   | Entered The Roulette of Golubria
 28560 | WizLab   | Found a transporter.
 28565 | WizLab   | Found a corrupted altar of Lugonu.
 28566 | WizLab   | Found the +2 cloak of the Thief {*Fog Slay-2 SInv Stlth+}
 28611 | WizLab   | Found a transporter.
 28697 | WizLab   | Found a transporter.
 28724 | WizLab   | Noticed a tentacled monstrosity
 28725 | WizLab   | Found a transporter.
 28726 | WizLab   | Killed a tentacled monstrosity
 28882 | WizLab   | Found a transporter.
 28897 | WizLab   | Found a corrupted altar of Lugonu.
 28937 | WizLab   | Found a transporter.
 28985 | WizLab   | Found a transporter.
 29005 | WizLab   | Found a transporter.
 29095 | WizLab   | Found a transporter.
 30245 | Depths:2 | Reached skill level 5 in Invocations
 30395 | Depths:2 | Reached XP level 17. HP: 93/93 MP: 29/34
 30566 | Depths:1 | Gained mutation: You tend to lose your temper in combat.
                  | [mutagenic glow]
 31326 | Depths:2 | Lost mutation: You tend to lose your temper in combat.
                  | [potion of mutation]
 31326 | Depths:2 | Gained mutation: Your flesh is cold resistant. (rC+)
                  | [potion of mutation]
 31326 | Depths:2 | Gained mutation: Your magical capacity is low. (-10% MP)
                  | [potion of mutation]
 31326 | Depths:2 | Gained mutation: You sometimes lose the ability to read
                  | scrolls when taking damage. [potion of mutation]
 31327 | Depths:2 | Lost mutation: You sometimes lose the ability to read
                  | scrolls when taking damage. [potion of mutation]
 31327 | Depths:2 | Lost mutation: Your magical capacity is low. (-10% MP)
                  | [potion of mutation]
 31327 | Depths:2 | Gained mutation: You have a pair of small horns on your
                  | head. [potion of mutation]
 31327 | Depths:2 | Gained mutation: You evolve. [potion of mutation]
 31327 | Depths:2 | Gained mutation: Armour fits poorly on your strangely
                  | shaped body. [potion of mutation]
 31327 | Depths:2 | Gained mutation: Your mind is acute. (Int +2) [potion of
                  | mutation]
 31328 | Depths:2 | Lost mutation: Your flesh is cold resistant. (rC+) [potion
                  | of mutation]
 31328 | Depths:2 | Lost mutation: Your mind is acute. (Int +2) [potion of
                  | mutation]
 31328 | Depths:2 | Lost mutation: You have a pair of small horns on your head.
                  | [potion of mutation]
 31328 | Depths:2 | Gained mutation: You are robust. (+10% HP) [potion of
                  | mutation]
 31328 | Depths:2 | Gained mutation: You have sharp toenails. [potion of
                  | mutation]
 31328 | Depths:2 | Lost mutation: You are robust. (+10% HP) [potion of
                  | mutation]
 31329 | Depths:2 | Lost mutation: Armour fits poorly on your strangely shaped
                  | body. [potion of mutation]
 31329 | Depths:2 | Lost mutation: You evolve. [potion of mutation]
 31329 | Depths:2 | Gained mutation: You tend to lose your temper in combat.
                  | [potion of mutation]
 31329 | Depths:2 | Gained mutation: You have a beak for a mouth. [potion of
                  | mutation]
 31329 | Depths:2 | Gained mutation: Your magical capacity is low. (-10% MP)
                  | [potion of mutation]
 31330 | Depths:2 | Lost mutation: You have a beak for a mouth. [potion of
                  | mutation]
 31330 | Depths:2 | Lost mutation: Your magical capacity is low. (-10% MP)
                  | [potion of mutation]
 31330 | Depths:2 | Lost mutation: You have sharp toenails. [potion of
                  | mutation]
 31330 | Depths:2 | Gained mutation: Your mind is acute. (Int +2) [potion of
                  | mutation]
 31330 | Depths:2 | Gained mutation: You often lose your temper in combat.
                  | [potion of mutation]
 31330 | Depths:2 | Gained mutation: You are robust. (+10% HP) [potion of
                  | mutation]
 31494 | Depths:2 | Found a one-way gate leading to the halls of Pandemonium.
 31720 | Depths:2 | Lost mutation: Your mind is acute. (Int +2) [potion of
                  | mutation]
 31720 | Depths:2 | Lost mutation: You often lose your temper in combat.
                  | [potion of mutation]
 31720 | Depths:2 | Lost mutation: You are robust. (+10% HP) [potion of
                  | mutation]
 31720 | Depths:2 | Gained mutation: You are agile. (Dex +2) [potion of
                  | mutation]
 31720 | Depths:2 | Lost mutation: You are agile. (Dex +2) [potion of mutation]
 31720 | Depths:2 | Gained mutation: Your movements are slightly less
                  | encumbered by armour. (ER -2) [potion of mutation]
 31720 | Depths:2 | Gained mutation: You are partially covered in large bone
                  | plates. (SH +4) [potion of mutation]
 31721 | Depths:2 | Lost mutation: You tend to lose your temper in combat.
                  | [potion of mutation]
 31721 | Depths:2 | Lost mutation: You are partially covered in large bone
                  | plates. (SH +4) [potion of mutation]
 31721 | Depths:2 | Gained mutation: Your mind is acute. (Int +2) [potion of
                  | mutation]
 31721 | Depths:2 | Gained mutation: You are strong-willed. (Will+) [potion of
                  | mutation]
 31861 | Depths:3 | Found a runed translucent gate.
 31863 | Depths:3 | Found a runed translucent gate.
 31863 | Depths:3 | Found an opulent altar of Gozag.
 31863 | Depths:3 | Found a runed translucent gate.
 31864 | Depths:3 | Found Xixoyr's Assorted Antiques.
 31937 | Depths:3 | Noticed Xenophilius's ghost (veteran DjAK)
 31940 | Depths:3 | Found Ylom's Assorted Antiques.
 31941 | Depths:3 | Noticed a caustic shrike
 32360 | Depths:3 | Found a stormy altar of Qazlal.
 32397 | Depths:3 | Found a shadowy altar of Dithmenos.
 32541 | Depths:3 | Reached skill level 18 in Stealth
 32680 | Depths:3 | Found a gateway to a ziggurat.
 32796 | Depths:3 | Upgraded the game from 0.27-a0-1324-ge0d8e047f6 to
                  | 0.27-a0-1325-g58a489ad9e
 34536 | Lair:2   | Reached XP level 18. HP: 98/99 MP: 32/35
 34900 | Snake:1  | Entered Level 1 of the Snake Pit
 34916 | Snake:1  | Identified the +2 flail of Ywam {venom, rElec Will- Str+6
                  | Int-2}
 35312 | Snake:1  | Found Sentos's Armour Boutique.
 35317 | Snake:1  | Found Hoidic's Antique Armour Boutique.
 35325 | Snake:1  | Bought a jewelled buckler for 304 gold pieces
 35325 | Snake:1  | Identified the -5 buckler of the Maze {Int+10} (You bought
                  | it in a shop on level 1 of the Snake Pit)
 35341 | Snake:1  | Found a shimmering blue altar of Sif Muna.
 35789 | Snake:1  | Identified the +10 flail "Zazugewn" {venom, rN++}
 37429 | Snake:2  | Identified Omokkope's Incunabulum of Poisonous
                  | Confrontation
 38430 | Snake:2  | Noticed Jorgrun
 38511 | Snake:2  | Killed Jorgrun
 38724 | Snake:2  | Noticed Vashnia
 39394 | Snake:2  | Killed Vashnia
 43320 | Snake:4  | Entered Level 4 of the Snake Pit
 43533 | Snake:3  | Reached XP level 19. HP: 84/93 MP: 28/37
 44672 | Snake:4  | Found Wyipiw's Magic Scroll Emporium.
 44674 | Snake:4  | Found Fewno's Distillery.
 44695 | Snake:4  | Bought a potion of curing for 45 gold pieces
 44695 | Snake:4  | Bought a potion of curing for 45 gold pieces
 45366 | Snake:4  | Reached skill level 10 in Invocations
 45711 | Snake:4  | Reached skill level 19 in Stealth
 48097 | Snake:4  | Got a serpentine rune of Zot
 48594 | Vaults:1 | Entered Level 1 of the Vaults
 48618 | Vaults:1 | Found Ethruink's Weapon Shoppe.
 48658 | Vaults:1 | Reached skill level 1 in Translocations
 50013 | Orc:2    | Bought a book of Dreams for 1050 gold pieces
 50019 | Orc:2    | Learned a level 5 spell: Silence
 50751 | Vaults:1 | Reached XP level 20. HP: 110/110 MP: 34/39
 51060 | Vaults:1 | Identified the +1 war axe "Miurch" {holy, Int+7 Dex-5}
 51187 | Vaults:1 | Reached skill level 5 in Translocations
 51598 | Vaults:1 | Learned a level 5 spell: Manifold Assault
 53212 | Vaults:2 | Identified the Disquisition on the Glacier
 54800 | Vaults:2 | Identified the Almanac of Flames
 54856 | Vaults:2 | Learned a level 2 spell: Blink
 55969 | Vaults:2 | Identified Tuyrgh's Tome of the Compass
 56923 | Swamp:1  | Entered Level 1 of the Swamp
 56939 | Swamp:1  | Reached skill level 20 in Stealth
 57344 | Swamp:1  | Reached skill level 15 in Hexes
 57767 | Elf:1    | Entered Level 1 of the Elven Halls
 57855 | Elf:1    | Found Ricvosk's Armour Shoppe.
 57902 | Elf:1    | Reached XP level 21. HP: 110/116 MP: 35/40
 59115 | Elf:2    | Found a huge runed translucent gate.
 59115 | Elf:2    | Found a huge runed translucent gate.
 59115 | Elf:2    | Found a huge runed translucent gate.
 59115 | Elf:2    | Found a huge runed translucent gate.
 59115 | Elf:2    | Found a huge runed translucent gate.
 59222 | Elf:2    | Paralysed by an air elemental for 1 turns
 59552 | Elf:2    | Identified the +5 long sword of Guilt {freeze, Dex+3}
 59865 | Elf:2    | Reached skill level 10 in Translocations
 60316 | Elf:3    | Entered Level 3 of the Elven Halls
 60386 | Elf:3    | Noticed Mara
 60388 | Elf:3    | Killed Mara
 60389 | Elf:3    | Reached skill level 15 in Spellcasting
 60630 | Elf:3    | Paralysed by an air elemental for 1 turns
 60657 | Elf:3    | Acquired the +0 mask of the Dragon {Will+ Slay+3 SInv}
 60658 | Elf:3    | Found the +0 mask of the Dragon {Will+ Slay+3 SInv}
 61087 | Elf:3    | Reached skill level 15 in Fighting
 61529 | Elf:3    | Identified the +9 long sword of Glamorous Duty {flame, rC+
                  | Str+4}
 62001 | Elf:3    | Identified the +0 plate armour of Fiejua {rC+ rN+ Str+3}
 62189 | Elf:3    | Found the +0 pair of fencer's gloves {Riposte Dex+3}
 62282 | Elf:3    | Reached XP level 22. HP: 122/122 MP: 42/42
 64626 | Swamp:4  | Entered Level 4 of the Swamp
 65564 | Swamp:4  | Got a decaying rune of Zot
 66106 | Vaults:3 | Found a staircase to the Crypt.
 66136 | Vaults:3 | Found Viteull's Book Boutique.
 66288 | Vaults:3 | Reached skill level 21 in Stealth
 68287 | Vaults:4 | Noticed Bai Suzhen
 68289 | Vaults:4 | Killed Bai Suzhen
 68381 | Vaults:4 | Reached XP level 23. HP: 127/128 MP: 39/43
 68653 | Vaults:4 | Identified the +0 scale mail of Ynoageis {Fly rN+}
 69058 | Vaults:4 | Found a portal to a secret trove of treasure.
 69236 | Vaults:4 | Noticed Saint Roka
 69254 | Vaults:4 | Killed Saint Roka
 69644 | Vaults:4 | Upgraded the game from 0.27-a0-1325-g58a489ad9e to
                  | 0.27-a0-1332-g84bddb5ca7
 70189 | Depths:4 | Found a transporter.
 70189 | Depths:4 | Noticed Zyrchost's ghost (adept HOFi)
 70195 | Depths:4 | Found a transporter.
 70386 | Depths:4 | Noticed a caustic shrike
 70397 | Depths:4 | Killed a caustic shrike
 70666 | Depths:4 | Noticed a dread lich
 70671 | Depths:4 | Identified the ring of Atux {rElec rPois Will+ Str+3 Int+4}
 71110 | Depths:4 | Reached skill level 15 in Translocations
 71401 | Depths:5 | Entered Level 5 of the Depths
 71432 | Depths:4 | HP: 6/128 [tengu reaver/bolt of poison (52)]
 72625 | Depths:5 | Found a gate to the Realm of Zot.
 73234 | Depths:4 | HP: 6/121 [deep troll shaman (16)]
 74198 | Depths:5 | Reached skill level 22 in Stealth
 74929 | Depths:5 | Reached XP level 24. HP: 105/135 MP: 44/44
 75063 | Depths:5 | HP: 6/130 [iron dragon/spray of metal splinters (27)]
 75523 | Depths:5 | Voluntarily entered the Abyss.
 76194 | Depths:5 | Escaped the Abyss
 76267 | Depths:5 | Voluntarily entered the Abyss.
 76543 | Abyss:1  | Found a snail-covered altar of Cheibriados.
 76633 | Abyss:1  | Identified the +8 ring mail of Pessimism {Str+6}
 76740 | Abyss:1  | Learned a level 2 spell: Wereblood
 76864 | Abyss:1  | Identified the +10 falchion of Logakhit {vorpal, rN+}
 77176 | Abyss:1  | Noticed a dread lich
 77244 | Depths:5 | Escaped the Abyss
 77246 | Depths:5 | Voluntarily entered the Abyss.
 77372 | Abyss:1  | Killed a dread lich
 78124 | Abyss:1  | Noticed a dread lich
 78149 | Abyss:1  | Killed a dread lich
 78150 | Abyss:1  | Reached skill level 15 in Invocations
 78340 | Abyss:1  | Noticed an ancient lich
 78421 | Abyss:1  | Found a corrupted altar of Lugonu.
 78478 | Abyss:1  | Found a bloodstained altar of Trog.
 78502 | Abyss:1  | Paralysed by accursed screaming for 1 turns
 79163 | Abyss:1  | Killed an ancient lich
 79188 | Abyss:1  | Identified the +2 helmet "Tuolopt" {rElec rCorr}
 79350 | Abyss:1  | Paralysed by accursed screaming for 2 turns
 79358 | Abyss:1  | Paralysed by accursed screaming for 1 turns
 79421 | Abyss:1  | Found a corrupted altar of Lugonu.
 79870 | Abyss:1  | Found a radiant altar of Vehumet.
 79870 | Abyss:1  | Found a hide-covered altar of Uskayaw.
 79870 | Abyss:1  | Found a snail-covered altar of Cheibriados.
 79870 | Abyss:1  | Found a stormy altar of Qazlal.
 79870 | Abyss:1  | Found a white marble altar of Elyvilon.
 79870 | Abyss:1  | Found a glowing silver altar of Zin.
 79870 | Abyss:1  | Found a shimmering altar of Xom.
 79870 | Abyss:1  | Found a basalt altar of Yredelemnul.
 79870 | Abyss:1  | Found a blossoming altar of Fedhas.
 79870 | Abyss:1  | Found a burning altar of Makhleb.
 79873 | Abyss:1  | Found a sparkling altar of Nemelex Xobeh.
 79875 | Abyss:1  | Found an opulent altar of Gozag.
 79875 | Abyss:1  | Found an ancient bone altar of Kikubaaqudgha.
 79875 | Abyss:1  | Found a hazy altar of Hepliaklqana.
 79877 | Abyss:1  | Found a shimmering blue altar of Sif Muna.
 79877 | Abyss:1  | Found a bloodstained altar of Trog.
 79877 | Abyss:1  | Found an ornate altar of the Wu Jian Council.
 79877 | Abyss:1  | Found a glowing golden altar of the Shining One.
 79879 | Abyss:1  | Found an iron altar of Okawaru.
 79879 | Abyss:1  | Found a broken altar of Ashenzari.
 79879 | Abyss:1  | Found a bloodstained altar of Trog.
 80054 | Abyss:1  | Paralysed by an air elemental for 1 turns
 80193 | Abyss:1  | Found a corrupted altar of Lugonu.
 80903 | Abyss:1  | Found a corrupted altar of Lugonu.
 81219 | Abyss:1  | Found a corrupted altar of Lugonu.
 81284 | Abyss:1  | Reached XP level 25. HP: 140/140 MP: 42/45
 81512 | Depths:5 | Escaped the Abyss
 81536 | Depths:5 | Learned a level 8 spell: Disjunction
 81539 | Depths:5 | Voluntarily entered the Abyss.
 81539 | Abyss:1  | Found a corrupted altar of Lugonu.
 82019 | Abyss:1  | Found a corrupted altar of Lugonu.
 82058 | Abyss:1  | Found a transporter.
 82060 | Abyss:1  | Found a transporter.
 82868 | Depths:5 | Escaped the Abyss
 83179 | D:11     | Killed Gastronok
 83180 | D:11     | Reached skill level 23 in Stealth
 83198 | D:11     | Bought a potion of heal wounds for 70 gold pieces
 83198 | D:11     | Bought a potion of curing for 42 gold pieces
 83198 | D:11     | Bought 2 potions of curing for 84 gold pieces
 83198 | D:11     | Bought a potion of heal wounds for 70 gold pieces
 83198 | D:11     | Bought 2 potions of heal wounds for 140 gold pieces
 83236 | D:11     | Upgraded the game from 0.27-a0-1332-g84bddb5ca7 to
                  | 0.27-a0-1456-gf5a116941d
 83807 | Crypt:1  | Entered Level 1 of the Crypt
 83834 | Crypt:1  | Found an ancient bone altar of Kikubaaqudgha.
 84799 | Crypt:2  | Noticed Khufu
 84802 | Crypt:2  | Noticed a royal mummy
 84802 | Crypt:2  | Noticed a royal mummy
 84804 | Crypt:2  | Killed a royal mummy
 84806 | Crypt:2  | Killed Khufu
 85329 | Crypt:2  | Noticed Margery
 85356 | Crypt:2  | Killed Margery
 85442 | Crypt:2  | Noticed Donald
 85456 | Crypt:2  | Killed Donald
 85515 | Crypt:2  | Killed a royal mummy
 86104 | Crypt:3  | Entered Level 3 of the Crypt
 86363 | Crypt:3  | Found a staircase to the Tomb.
 86913 | Crypt:3  | Found a huge runed gate.
 86913 | Crypt:3  | Found a huge runed gate.
 86913 | Crypt:3  | Found a huge runed gate.
 86913 | Crypt:3  | Found a huge runed gate.
 86913 | Crypt:3  | Found a huge runed gate.
 86913 | Crypt:3  | Found a huge runed gate.
 86918 | Crypt:3  | Found a huge runed gate.
 86918 | Crypt:3  | Found a huge runed gate.
 86918 | Crypt:3  | Found a huge runed gate.
 86918 | Crypt:3  | Found a huge runed gate.
 86919 | Crypt:3  | Found a huge runed gate.
 86920 | Crypt:3  | Found a huge runed gate.
 86921 | Crypt:3  | Found a huge runed gate.
 86922 | Crypt:3  | Found a huge runed gate.
 86923 | Crypt:3  | Found a huge runed gate.
 86932 | Crypt:3  | Found a huge runed gate.
 86932 | Crypt:3  | Found a huge runed gate.
 86933 | Crypt:3  | Found a huge runed gate.
 86972 | Crypt:3  | Noticed an ancient lich
 87736 | Temple   | Entered the Ecumenical Temple
 88488 | Depths:1 | Voluntarily entered the Abyss.
 88621 | Abyss:1  | Gained mutation: You are weak. (Str -2) [a neqoxec]
 88628 | Abyss:1  | Lost mutation: Your mind is acute. (Int +2) [a neqoxec]
 88995 | Abyss:1  | Found a corrupted altar of Lugonu.
 89228 | Abyss:1  | Found a corrupted altar of Lugonu.
 89250 | Abyss:1  | Reached XP level 26. HP: 147/147 MP: 44/46
 89414 | Abyss:1  | Gained mutation: You are very weak. (Str -4) [a neqoxec]
 89580 | Abyss:1  | Identified the +10 great sword of the Ghost {venom, +Blink
                  | +Rage Will- SInv}
 89907 | Abyss:1  | Found a corrupted altar of Lugonu.
 90242 | Abyss:1  | Identified the +4 trident "Iguzaipt" {vorpal, Will+ Dex+2}
 90383 | Abyss:1  | Found a corrupted altar of Lugonu.
 90588 | Abyss:2  | Found a corrupted altar of Lugonu.
 90736 | Abyss:2  | Gained mutation: You occasionally shout uncontrollably at
                  | your foes. [a neqoxec]
 90854 | Depths:1 | Escaped the Abyss
 90855 | Depths:1 | Lost mutation: You are strong-willed. (Will+) [potion of
                  | mutation]
 90855 | Depths:1 | Lost mutation: You are very weak. (Str -4) [potion of
                  | mutation]
 90855 | Depths:1 | Lost mutation: You are weak. (Str -2) [potion of mutation]
 90855 | Depths:1 | Gained mutation: Your spells are a little harder to cast,
                  | but a little more powerful. [potion of mutation]
 90855 | Depths:1 | Gained mutation: You expend magic power (3 MP) to
                  | strengthen your wands. [potion of mutation]
 90855 | Depths:1 | Gained mutation: You are somewhat resistant to further
                  | mutation. [potion of mutation]
 90856 | Depths:1 | Lost mutation: You occasionally shout uncontrollably at
                  | your foes. [potion of mutation]
 90856 | Depths:1 | Lost mutation: Your spells are a little harder to cast, but
                  | a little more powerful. [potion of mutation]
 90872 | Depths:1 | Voluntarily entered the Abyss.
 91310 | Abyss:1  | Learned a level 3 spell: Mephitic Cloud
 91840 | Abyss:2  | Paralysed by accursed screaming for 2 turns
 92024 | Abyss:2  | Found a corrupted altar of Lugonu.
 92808 | Abyss:2  | Reached skill level 24 in Stealth
 93305 | Abyss:3  | Lost strength.
 93348 | Abyss:3  | Got an abyssal rune of Zot
 93485 | Abyss:3  | Found a corrupted altar of Lugonu.
 93559 | Abyss:3  | Learned a level 8 spell: Discord
 93886 | Depths:1 | Escaped the Abyss
 93901 | Depths:1 | Voluntarily entered the Abyss.
 94689 | Depths:1 | Escaped the Abyss
 94691 | Depths:1 | Voluntarily entered the Abyss.
 94737 | Abyss:1  | Noticed an ancient lich
 94756 | Depths:1 | Escaped the Abyss
 94867 | Depths:1 | Voluntarily entered the Abyss.
 94991 | Abyss:1  | Killed an ancient lich
 95245 | Abyss:1  | Reached XP level 27. HP: 153/153 MP: 45/46
 95839 | Abyss:1  | Noticed a dread lich
 95856 | Abyss:1  | Killed a dread lich
 95948 | Depths:1 | Escaped the Abyss
 95952 | Depths:1 | Voluntarily entered the Abyss.
 97032 | Abyss:1  | Noticed a dread lich
 97055 | Abyss:1  | Killed a dread lich
 97333 | Abyss:1  | Gained mutation: You sometimes lose the ability to read
                  | scrolls when taking damage. [a shining eye]
 97918 | Abyss:1  | Slain by a sixfirhy

Illustrated notes

Levels and vault maps discovered:
D:1:      mrwooster_arrival_statue, layout_loops_ring, solitary_fountain
D:2:      layout_basic, shapermc_ecumenical_altar_flowoftime,
          minmay_fountain_box, moated_statue, grunt_ministairs_8,
          lemuel_flame_loot_1, uniq_sigmund
D:3:      layout_loops_ring, gammafunk_ghost_arena, serial_park_tiny_2,
          uniq_ijyb, uniq_terence
D:4:      layout_rooms, lemuel_coloured_pillars_altar
D:5:      layout_cave_pools, zin_statuary, enter_ossuary_2,
          lightli_corner_chamber
D:6:      layout_loops_cross, minmay_temple_entry_junction,
          ebering_ghost_sewer_d
D:7:      layout_basic, dk_vineyard_3, hangedman_decor_clover_reticule
D:8:      minmay_the_grid_octo_2x2 [minmay_the_grid_octo_horde,
          minmay_the_grid_octo_focus, minmay_the_grid_octo_toaster,
          minmay_the_grid_octo_prize_big_c], layout_loops_corners,
          jmf_multi_god_temple2, nicolae_overflow_crystal_walls,
          dpeg_oklobed_lair
D:9:      hangedman_screamer, layout_loops_ring, orc_david_3
D:10:     layout_irregular_city, chequers_temple_overflow_statue_of_worship,
          gammafunk_ghost_spectres, uniq_maurice, uniq_nergalle, uniq_sonja
D:11:     gammafunk_corrupted_shrine, layout_rooms, serial_shops, shop_statue,
          minivault_22, minmay_misc_feat_pillars, uniq_grum, uniq_gastronok
D:12:     layout_roguey, portal_ice_cave_demonic_guard
D:13:     layout_loops_ring, david_vaults_4, nicolae_wooded_promenade
D:14:     layout_cave_pods, fedhas_altar_1, serial_shops, shop,
          muffindrake_ghost_dual_entry, drop_trap, ashenzari_altar_1,
          uniq_roxanne
D:15:     grunt_enter_depths_hoard, layout_rooms, kiku_gazebo_pond_becter,
          nicolae_elyvilon_peaceful_grove
Temple:   eino_temple_water
Lair:1:   layout_layer_cave, minivault_24, grunt_megastairs_3
Lair:2:   layout_chaotic_city, lemuel_fruit_fields
Lair:3:   layout_misc_corridors, grunt_megastairs_1
Lair:4:   layout_cave_pods, palyth_hydra_swamp_entry,
          minmay_snake_entry_six_corridors, serial_bayou_crossing
Lair:5:   layout_layer_cave, dpeg_slime_entry_enclosed_altar,
          chequers_serial_rivers_micro_b, infiniplex_staircase_pool
Lair:6:   minmay_lair_end_frog_pond, layout_gridlike
Swamp:1:  layout_basic_swamp, evilmike_swamp_ruin_house_1
Swamp:2:  layout_basic_swamp, evilmike_swamp_ruin_wall,
          infiniplex_staircase_pool_2
Swamp:3:  layout_basic_swamp, nicolae_swamp_triple_paths, swamp_pool1
Swamp:4:  swamp_icy, layout_basic_swamp
Snake:1:  layout_layer_cave, basic_altar, drop_trap,
          nicolae_snake_gridmaze_spiral, grunt_megastairs_2, minmay_shop_star
Snake:2:  layout_layer_cave, grunt_ministairs_8, lemuel_fruit_tree,
          uniq_vashnia, uniq_jorgrun
Snake:3:  nicolae_cobra_stairs, layout_concentric_octagons, abandoned_shop,
          nrook_guardian_serpent_double
Snake:4:  snake_pit_salamanders_mu, layout_onion_interference, minmay_shoptagon
Orc:1:    layout_diamond_mine, bh_open_orc_temple
Orc:2:    grunt_orc_gardens, layout_caves, grunt_orc_garden, grunt_orc_garden,
          grunt_orc_garden, grunt_orc_garden, serial_shops, shop_fountains
Elf:1:    layout_geoelf_diagonals, serial_shops, nicolae_square_shop,
          minivault_28, ebering_dispersal_statue_hall
Elf:2:    layout_loops_cross
Elf:3:    minmay_elf_hall_quartered_circle, layout_geoelf_octagon, uniq_mara
Vaults:1: v_rooms_6, vaults_dpeg_hooks, vaults_room_glass_cross,
          hangedman_vaults_cutoff, nicolae_vaults_network_square,
          grunt_vaults_swirl, v_pattern_3, vaults_dpeg_ring, layout_vaults_ring,
          serial_shops, shop
Vaults:2: hangedman_vaults_pinch, vaults_dpeg_doors, v_misc_1,
          nicolae_vaults_sealed_display, hangedman_vaults_restitches,
          nicolae_vaults_puzzle_piece, hangedman_vaults_stream, v_misc_15,
          nicolae_vaults_little_squares_1, layout_vaults_big_cross,
          serial_hangedman_research, hangedman_research_quantum,
          hangedman_research_pyrotechnics, hangedman_research_probablistics,
          hangedman_research_thermodynamics
Vaults:3: special_room_vaults [special_room_orc],
          nicolae_vaults_big_angled_halls, v_misc_27, nicolae_vaults_arrows,
          nicolae_vaults_yaktaur_gun_rack, nicolae_vaults_twisting_passages,
          hangedman_vaults_impose, v_misc_9, grunt_vaults_diagonal,
          hangedman_vaults_impose, vaults_room_pool,
          ontoclasm_vaults_loading_screen, minmay_crypt_entry_nasty_monster,
          hangedman_vaults_impose, v_pattern_4, nicolae_vaults_little_squares_1,
          layout_vaults_maze_bifur, serial_shops, shop
Vaults:4: v_misc_1, ontoclasm_vaults_gateway, v_misc_3,
          nicolae_vaults_three_branches, nicolae_vaults_theta,
          nicolae_vaults_specimen_jars, nicolae_vaults_what_the_h,
          ontoclasm_vaults_decontamination, vaults_dpeg_diagonal,
          vaults_room_corners, layout_vaults_quadrants,
          nicolae_trove_entry_crossroad, uniq_bai_suzhen, uniq_saint_roka
Crypt:1:  layout_chaotic_city, basic_altar
Crypt:2:  layout_chaotic_city, serial_co_window_serial, co_window_paths_b,
          co_window_paths_b, co_window_paths_a, co_window_of_opportunity_a,
          co_window_corner_a, co_window_paths_b, co_window_corner_a,
          co_window_paths_a, co_window_paths_a, co_window_corner_b,
          co_window_corner_ca, co_window_2corner, co_window_corner_ca,
          co_window_4corner_b, glass_columns_a, glass_columns_b,
          glass_columns_a, grunt_ministairs_4, uniq_donald, uniq_margery,
          uniq_khufu
Crypt:3:  due_elkab, layout_chaotic_city, nicolae_tomb_entry_grand_gallery,
          door_vault
Depths:1: kennysheep_big_flooded_room, layout_cave_pools,
          pf_hell_entry_great_geh, nicolae_vehumet_altar_sigil,
          hangedman_abyss_entry_splay, guppyfry_shop_venom, serial_bayou_shore_b
Depths:2: hangedman_elemental_death_ray, layout_gridlike,
          infiniplex_enter_wizlab_water, rand_demon_pan_entry_9, hell_entry,
          okawaru_ov_weapons_minmay
Depths:3: minmay_connected_triangles_in_corner, layout_basic, enter_ziggurat_e,
          hell_entry, nicolae_dithmenos_the_darkroom, ebering_ghost_gozag,
          grunt_pan_entry_spiral, nicolae_qazlal_eye_of_the_storm
Depths:4: minmay_containers, layout_gridlike, gammafunk_ghost_mausoleum,
          abyss_entry_glasseish, lightli_too_deep, minmay_misc_feat_plants,
          serial_bayou_shore_b
Depths:5: grunt_zot_entry_funnels, layout_gridlike, abyss_entry,
          grunt_hell_entry_dis_old
Abyss:1:  base: D:9, base: Lair:2, serial_sigils_hangedman_quiver,
          evilmike_abyss_exit_mutagenic, minivault_25, hangedman_eye_storm,
          hangedman_abyss_mock_shop, base: Lair:1, base: Lair:1,
          hangedman_decor_peaks_small, hangedman_steaming_rock,
          lemuel_flamethrower_2, minivault_24, abyss_greek_temple,
          abyss_greek_temple, abyss_greek_temple,
          serial_sigils_hangedman_quiver, grunt_abyss_exit_deep_breaths,
          grunt_abyss_exit_deep_breaths, evilmike_abyss_exit_13,
          evilmike_abyss_exit_16, minivault_22, base: Elf:1, minivault_20,
          evilmike_abyss_exit_kraken, minivault_20, gammafunk_corrupted_shrine,
          base: Lair:4, minivault_24, bh_abyss_exit_choice, due_exit_kobolds,
          minivault_20, base: Temple, base: D:4,
          guppyfry_abyss_exit_spiral_guarded,
          guppyfry_abyss_exit_spiral_guarded,
          guppyfry_abyss_exit_spiral_guarded, base: Lair:1, base: Vaults:2,
          minivault_23, bh_abyss_negative, base: D:4, base: D:4, minivault_27,
          evilmike_abyss_exit_6, base: D:4, guppyfry_abyss_exit_spiral_guarded,
          evilmike_abyss_exit_17, evilmike_abyss_exit_10,
          evilmike_abyss_exit_11, evilmike_abyss_exit_12

Skill      XL: |  1  2  3  4  5  6  7  8  9 10 11 12 13 14 15 16 17 18 19 20 21 22 23 24 25 26 27 |
---------------+----------------------------------------------------------------------------------+-----
Dodging        | 4 5 6 7 9 10 11 12 14 15 16 17 18 19 20 21 22 | 22.4
Fighting       | 1 2 3 4 5 6 7 8 9 10 11 12 13 14 15 16 17 18 | 18.9
Short Blades   | 2 3 4 5 6 7 8 9 10 11 12 13 | 13.0
Stealth        | 5 6 7 8 9 10 12 13 15 16 17 18 19 20 21 22 23 24 | 24.6
Spellcasting   | 3 4 5 6 7 8 9 10 11 12 13 14 15 16 17 18 19 | 19.0
Hexes          | 4 5 6 7 8 9 10 11 12 13 14 15 16 17 18 19 20 | 20.2
Long Blades    | 1 2 3 4 5 7 8 9 10 11 12 13 | 13.0
Invocations    | 5 7 9 11 12 13 14 15 16 | 16.8
Translocations | 4 8 11 13 16 18 19 20 21 | 21.0

Action                   |  1- 3 |  4- 6 |  7- 9 | 10-12 | 13-15 | 16-18 | 19-21 | 22-24 | 25-27 || total
-------------------------+-------+-------+-------+-------+-------+-------+-------+-------+-------++-------
Melee: Dagger            |    22 |   111 |   145 |    52 |   206 |   578 |       |       |       ||  1114
       Demon blade       |       |    34 |   164 |   702 |   936 |   677 |   992 |  1963 |  3133 ||  8601
       Quick blade       |       |       |       |       |       |   134 |   580 |   590 |   259 ||  1563
       Long sword        |       |       |       |       |       |       |       |    40 |       ||    40
 Cast: Corona            |     2 |     5 |       |       |     3 |    24 |    21 |     9 |     1 ||    65
       Ensorcelled Hiber |       |    25 |    44 |    44 |    65 |    92 |   206 |    77 |     3 ||   556
       Confusing Touch   |       |     2 |    10 |     9 |     8 |    76 |    31 |    27 |    26 ||   189
       Dazzling Flash    |       |       |     1 |     1 |    16 |    95 |    47 |     3 |       ||   163
       Tukima's Dance    |       |       |       |     8 |       |    71 |    62 |    17 |    39 ||   197
       Invisibility      |       |       |       |       |    10 |     8 |    12 |    18 |     6 ||    54
       Silence           |       |       |       |       |       |       |     3 |     6 |     2 ||    11
       Manifold Assault  |       |       |       |       |       |       |   117 |    58 |    43 ||   218
       Wereblood         |       |       |       |       |       |       |       |     6 |     1 ||     7
       Blink             |       |       |       |       |       |       |       |       |     3 ||     3
       Disjunction       |       |       |       |       |       |       |       |       |     2 ||     2
       Discord           |       |       |       |       |       |       |       |       |     6 ||     6
Invok: Shadow Step       |       |       |       |     2 |     1 |     4 |     7 |     3 |     3 ||    20
       Shadow Form       |       |       |       |       |       |     4 |       |     4 |     4 ||    12
Evoke: Wand              |       |       |       |     1 |       |       |       |       |       ||     1
  Use: Scroll            |     4 |     2 |     8 |    10 |     7 |    21 |     2 |    10 |     9 ||    73
       Potion            |       |       |       |       |     7 |    15 |       |    10 |     9 ||    41
 Stab: Sleeping          |    11 |    25 |    24 |    43 |    90 |   109 |   164 |   118 |    67 ||   651
       Confused          |       |     3 |    12 |    17 |     4 |    92 |    30 |    38 |    63 ||   259
       Distracted        |       |       |       |     1 |     6 |     6 |     9 |    69 |   104 ||   195
       Petrified         |       |       |       |       |     4 |       |       |       |       ||     4
       Invisible         |       |       |       |       |    73 |    84 |    93 |    84 |    45 ||   379
Armor: Robe              |       |    14 |    23 |    36 |    36 |    11 |    17 |    17 |    54 ||   208
Dodge: Dodged            |     5 |   115 |   357 |   930 |  1628 |  1061 |  1037 |  2018 |  2980 || 10131
       Rpst.: Demon blade |       |     7 |    69 |   266 |   366 |   166 |   143 |   325 |   628 ||  1970
       Long sword        |       |       |       |       |       |       |       |     6 |       ||     6

Table legend: (Time is in decaauts)
 A = Elapsed time spent in this place.
 B = Non-inter-level travel time spent in this place.
 C = Inter-level travel time spent in this place.
 D = Time resting spent in this place.
 E = Time spent auto-exploring this place.
 F = Levels seen in this place.
 G = Mean time per level.
                   A        B        C        D        E       F      G
               +--------+--------+--------+--------+--------+-----+--------+
         Total |  69682 |  64469 |   5213 |  11171 |  28865 |  62 | 1123.9 |
       Dungeon |  14566 |  12021 |   2545 |   1352 |   7505 |  15 |  971.1 |
        Temple |    286 |    275 |     11 |      0 |    254 |   1 |  286.0 |
          Lair |   5561 |   4961 |    600 |    444 |   2911 |   6 |  926.8 |
         Swamp |   2389 |   2288 |    101 |    492 |   1084 |   4 |  597.2 |
     Snake Pit |   9789 |   9407 |    382 |   2196 |   4414 |   4 | 2447.2 |
  Orcish Mines |   1349 |   1081 |    268 |    119 |    504 |   2 |  674.5 |
   Elven Halls |   3383 |   3281 |    102 |    831 |   1133 |   3 | 1127.7 |
        Vaults |   8602 |   8238 |    364 |   2647 |   3070 |   4 | 2150.5 |
         Crypt |   2448 |   2352 |     96 |    260 |    927 |   3 |  816.0 |
        Depths |   9665 |   8926 |    739 |   2400 |   3277 |   5 | 1933.0 |
         Abyss |  10710 |  10710 |      0 |    295 |   3344 |  13 |  823.8 |
       Ossuary |    461 |    461 |      0 |    131 |    152 |   1 |  461.0 |
        Wizlab |    469 |    469 |      0 |      0 |    284 |   1 |  469.0 |
               +--------+--------+--------+--------+--------+-----+--------+

Top non-repeatable levels by time:
 Abyss:1: 9111 daAuts
 Snake:4: 3761 daAuts
Vaults:2: 3670 daAuts
Depths:5: 2416 daAuts
Depths:2: 2354 daAuts
Vaults:1: 2339 daAuts
 Snake:3: 2205 daAuts
 Snake:2: 1915 daAuts
 Snake:1: 1907 daAuts
Depths:4: 1699 daAuts
Depths:1: 1610 daAuts
Depths:3: 1584 daAuts
     D:3: 1568 daAuts
     D:8: 1550 daAuts
Vaults:3: 1526 daAuts
